 Dungeon Crawl Stone Soup version 0.30.0-5-g1a98f26d00 (webtiles) character file.

Game seed: 17348830227040964006

45 H0rd4k the Charlatan (level 3, -1/26 HPs)
             Began as a Human Artificer on May 9, 2023.
             Succumbed to an adder's poison
             ... on level 2 of the Dungeon.
             The game lasted 00:01:37 (1125 turns).

H0rd4k the Charlatan (Human Artificer)              Turns: 1125, Time: 00:01:38

Health: -1/26      AC:  3    Str: 12    XL:     3   Next: 90%
Magic:  3/3        EV: 11    Int: 13    God:
Gold:   113        SH:  0    Dex: 13    Spells: 3/3 levels left

rFire   . . .        f - staff of conjuration
rCold   . . .        (no shield)
rNeg    . . .        b - +0 leather armour
rPois   .            (no helmet)
rElec   .            (no cloak)
rCorr   .            (no gloves)
SInv    .            (no boots)
Will    .....        (no amulet)
Stlth   +            (no ring)
HPRegen 0.24/turn    (no ring)
MPRegen 0.08/turn

%: no passive effects
@: lethally poisoned (-1 -> -8), hasted, very quick
A: no striking features
a: no special abilities


You were on level 2 of the Dungeon.
You visited 1 branch of the dungeon, and saw 2 of its levels.

You collected 113 gold pieces.

Inventory:

Hand Weapons
 a - a +0 club
Armour
 b - a +0 leather armour (worn)
Magical Staves
 f - a staff of conjuration (weapon)
Wands
 c - a wand of flame (13) (quivered)
 d - a wand of charming (15)
 e - a wand of iceblast (5)
Scrolls
 h - a scroll of vulnerability {unknown}
 i - a scroll of blinking {unknown}
 j - 2 scrolls of identify {unknown}
 l - a scroll of teleportation {unknown}
Potions
 g - 3 potions of haste
 k - a potion of brilliance {unknown}


   Skills:
 + Level 1.0 Fighting
 - Level 0.4 Maces & Flails
 - Level 2.0 Armour
 + Level 1.3 Dodging
 + Level 1.1 Stealth
 * Level 0.5 Spellcasting
 * Level 0.5 Conjurations
 + Level 4.0 Evocations


You had 3 spell levels left.
You didn't know any spells.
Your spell library contained the following spells:

 Spells                   Type           Power      Damage    Failure   Level
 Call Imp                 Summ           0%         N/A       50%         2
 Ensorcelled Hibernation  Hex/Ice        0%         N/A       50%         2
 Passwall                 Tmut/Erth      0%         N/A       50%         2
 Call Canine Familiar     Summ           0%         N/A       75%         3
 Frozen Ramparts          Ice            0%         1d1       75%         3
 Swiftness                Air            0%         N/A       75%         3
 Malign Gateway           Summ/Tloc      0%         N/A       100%        7


Dungeon Overview and Level Annotations

Branches:
Dungeon (2/15)

Altars:

Shops:
D:1 ?


Message History

You hit the adder.
The adder is lightly wounded.
You feel sick.
You are no longer poisoned.
The adder bites you.
You are poisoned.
The adder poisons you!
You barely miss the adder.
The adder is lightly wounded.
You feel sick. The adder bites you. The adder completely misses you.
You miss the adder.
The adder is lightly wounded.
You feel sick. The adder bites you.
You miss the adder.
The adder is lightly wounded.
You feel sick.
You are no longer poisoned.
The adder bites you. x2
* * * LOW HITPOINT WARNING * * *
You are poisoned.
The adder poisons you!
Aiming: Throw Flame
Press: ? - help, Shift-Dir - straight line, f - adder
Aim: an adder (lightly wounded, 53% to hit)
The puff of flame hits the adder.
The adder is lightly wounded.
You feel sick. The adder bites you.
* * * LOW HITPOINT WARNING * * *
Aiming: Throw Flame
Press: ? - help, Shift-Dir - straight line, f/p - adder
Aim: an adder (lightly wounded, 53% to hit)
The puff of flame hits the adder.
The adder is severely wounded.
* * * LOW HITPOINT WARNING * * *
You feel sick. The adder bites you.
* * * LOW HITPOINT WARNING * * *
You are more poisoned.
The adder poisons you!
It was a potion of haste.
You feel yourself speed up.
You die...

##.##.#.........#.........###
.#..........<..).........##
.#.......................#
.......#########..#####.##
.)........## #....# #.######
.†..........? ##...# #.##...#
.....#.....#..####..###......#
................##..........##
##
.###....##.....S@##.....>...##
#. .#
###......................# #.
.# ......................# #.
.# #.................)...# #.
.# #....................## #.
.# #.........##.........# #.
.#######.........##.#...#.#.#
#.
......##.........##.........#
#.
...##..#..)............##...#
#.


You could see an adder.

Vanquished Creatures
  2 adders (D:2)
  A dart slug (D:2)
  3 endoplasms
  3 giant cockroaches
  4 goblins
  4 hobgoblins
  A quokka (D:1)
  A ball python (D:1)
  4 rats
23 creatures vanquished.

Notes
Turn   | Place    | Note
-------+----------+-------------------------------------------
     0 | D:1      | H0rd4k the Human Artificer began the quest for the Orb.
     0 | D:1      | Reached XP level 1. HP: 15/15 MP: 1/1
   169 | D:1      | Reached XP level 2. HP: 18/21 MP: 2/2
   310 | D:1      | Found Wuwyll's Magic Scroll Shop.
   372 | D:1      | Got the Incunabulum of the Helpful Winter
   503 | D:1      | Found a faded altar of an unknown god.
   791 | D:2      | Reached XP level 3. HP: 23/26 MP: 3/3
  1083 | D:2      | Reached skill level 4 in Evocations
  1124 | D:2      | HP: 1/26 [adder (2)]
  1125 | D:2      | Succumbed to an adder's poison

Illustrated notes

Levels and vault maps discovered:
D:1:      nzn_arrival_depleted_hourglass, layout_rooms, serial_shops, shop,
          shapermc_ecumenical_altar_hornbeckon, hangedman_decor_diamond_cutter,
          amcnicky_mini_rare_corridor_liquid, minmay_pentomino_u2
D:2:      layout_rooms, kennysheep_generic_room_4

Skill      XL: |  1  2  3 |
---------------+----------+-----
Evocations     | 4 |  4.0
Fighting       | |  1.0
Maces & Flails | |  0.4
Armour         | |  2.0
Dodging        | |  1.3
Stealth        | |  1.1
Spellcasting   | |  0.5
Conjurations   | |  0.5

Action                     || total
---------------------------++-------
  Melee: Club              ||    33
         Staff             ||    62
  Evoke: Wand              ||     2
    Use: Potion            ||     1
   Stab: Sleeping          ||     1
 Armour: Leather armour    ||    27
  Dodge: Dodged            ||    70
